 Dungeon Crawl Stone Soup version 0.20.0-15-g7f486f2 (webtiles) character file.

1232 robba the Magician (level 8, -7/61 HPs)
             Began as a Black Draconian Earth Elementalist on July 1, 2017.
             Was an Initiate of Qazlal.
             Killed themself with a bounced orb of electricity (9 damage)
             ... on level 5 of the Dungeon.
             The game lasted 00:43:57 (4929 turns).

robba the Magician (DrEE)                           Turns: 4929, Time: 00:43:59

Health: -7/61      AC:  7    Str: 10    XL:     8   Next: 24%
Magic:  9/15       EV: 13    Int: 18    God:    Qazlal [......]
Gold:   303        SH:  0    Dex: 12    Spells: 13/17 levels left

rFire    . . .     SeeInvis .   h - +1 dagger (venom)
rCold    + . .     Gourm    .   (no shield)
rNeg     . . .     Faith    .   (armour unavailable)
rPois    .         Spirit   .   (helmet restricted)
rElec    +         Reflect  .   (no cloak)
rCorr    .         Harm     .   (no gloves)
MR       .....                  j - +0 pair of boots
Stlth    ++........             (no amulet)
Regen    0.2/turn               k - ring of protection from cold
MPRegen  0.2/turn               (no ring)

@: very slightly contaminated
A: breathe lightning, unfitting armour, electricity resistance, cold-blooded, AC
+6
a: Breathe Lightning, Renounce Religion


You were on level 5 of the Dungeon.
You worshipped Qazlal.
Qazlal was noncommittal.
You were not hungry.

You visited 2 branches of the dungeon, and saw 6 of its levels.

You collected 303 gold pieces.

Inventory:

Hand Weapons
 c - a +0 lajatang
 h - a +1 dagger of venom (weapon)
 i - a cursed -1 mace
Missiles
 a - 29 poisoned needles (quivered)
 l - 30 stones
Armour
 j - a +0 pair of boots (worn)
Jewellery
 k - a ring of protection from cold (left hand)
 t - a cursed ring of loudness {unknown}
Wands
 b - a wand of flame (15/48)
 r - a wand of disintegration (6/24)
Scrolls
 e - a scroll of recharging {unknown}
 f - 4 scrolls of remove curse
 u - 2 scrolls of identify
 x - a scroll of amnesia {unknown}
Potions
 g - a potion of magic {unknown}
 m - a potion of heal wounds {unknown}
 o - a potion of curing
 q - a potion of might
 v - a potion of cancellation {unknown}
Books
 d - a book of Geomancy

   Spells                             Type                      Level
   a - Sandblast                      Earth                        1
   b - Passwall                       Transmutation/Earth          2
   c - Stone Arrow                    Conjuration/Earth            3
   d - Petrify                        Transmutation/Earth          4
   e - Lee's Rapid Deconstruction     Earth                        5
Comestibles
 n - a royal jelly
 p - a meat ration
 s - a bread ration
 w - 2 chunks of flesh


   Skills:
 + Level 2.1 Fighting
 + Level 2.6 Short Blades
 - Level 1.6 Staves
 + Level 3.6 Dodging
 + Level 2.8 Stealth
 + Level 5.3 Spellcasting
 + Level 2.9 Conjurations
   Level 1.0 Transmutations
 + Level 4.6 Earth Magic


You had 13 spell levels left.
You knew the following spells:

 Your Spells              Type           Power        Failure   Level  Hunger
a - Sandblast             Erth           ###...       1%          1    None
b - Stone Arrow           Conj/Erth      ###...       9%          3    ##.....


Dungeon Overview and Level Annotations

Branches:
Dungeon (5/15)             Temple (1/1) D:5

Altars:
Ashenzari
Gozag
Qazlal
Ru
Sif Muna
Trog
Zin
The Shining One

Annotations:
D:5 Menkaure


Innate Abilities, Weirdness & Mutations

You can breathe wild blasts of lightning.
Your glossy black scales are hard. (AC +6)
You cannot fit into any form of body armour.
You are resistant to electric shocks. (rElec)
You are cold-blooded and may be slowed by cold attacks.


Message History

Confirm with . or Enter, or press ? or * to list all spells.
Aiming: Stone Arrow
Press: ? - help, Shift-Dir - straight line, f/p - Menkaure
Aim: Menkaure (lightly damaged, fast)
The stone arrow hits the ice beast.
You kill the ice beast!
Qazlal accepts your kill.
You breathe a wild blast of lightning!
The orb of electricity explodes!
The orb of electricity engulfs you! You resist.
* * * LOW HITPOINT WARNING * * *
The orb of electricity engulfs Menkaure.
Menkaure is severely damaged.
You hear a mighty clap of thunder!
The bolt of lightning hits you! You resist.
* * * LOW HITPOINT WARNING * * *
The bolt of lightning hits you! You resist.
* * * LOW HITPOINT WARNING * * *
The orb of electricity explodes!
The orb of electricity engulfs you! You resist.
You die...

#.........<..#
#..........
#...........#
#..........
#..........(#
#..........
#...........#
#..........
#...........#
#..........
#........#
#...)......
#.....M###
#..........
#....#..##
##.........
#..####.@##
###......... ##
###.####...........
####......###.......
###........##
##......
##..........#
##.....
###...........#
#...##
#............##
#####
##............#
#.............## #


You could see Menkaure.

Vanquished Creatures
  Eustachio (D:5)
  3 ice beasts (D:5)
  Purgy (D:3)
  An ogre (D:4)
  A necrophage (D:5)
  A howler monkey (D:4)
  A crimson imp (D:5)
  2 hounds (D:4)
  A jelly (D:5)
  An orc wizard (D:4)
  A bullfrog skeleton (D:5)
  An iguana (D:4)
  Jessica (D:2)
  Natasha (thrice) (D:2)
  A worker ant (D:5)
  Robin (D:2)
  8 adders
  A shadow imp (D:5)
  3 oozes
  An adder zombie (D:5)
  4 worms
  7 leopard geckos
  11 orcs
  5 bats
  6 giant cockroaches
  12 hobgoblins
  2 jackals (D:4)
  2 quokkas
  6 frilled lizards
  14 goblins
  8 kobolds
  7 rats
118 creatures vanquished.

Notes
Turn   | Place    | Note
-------+----------+-------------------------------------------
     0 | D:1      | robba the Draconian Earth Elementalist began the quest for the Orb.
     0 | D:1      | Reached XP level 1. HP: 14/14 MP: 3/3
   116 | D:1      | Reached XP level 2. HP: 8/20 MP: 0/5
   655 | D:1      | Reached XP level 3. HP: 26/26 MP: 4/7
   723 | D:2      | Noticed Natasha
   739 | D:2      | Killed Natasha
   832 | D:2      | Reached skill level 3 in Spellcasting
   849 | D:2      | Learned a level 3 spell: Stone Arrow
   872 | D:2      | Noticed Jessica
   873 | D:2      | Reached skill level 1 in Short Blades
   882 | D:2      | Noticed Robin
   900 | D:2      | Reached XP level 4. HP: 28/33 MP: 3/8
   968 | D:2      | Killed Robin
  1256 | D:2      | Killed Jessica
  1371 | D:2      | Reached XP level 5. HP: 38/38 MP: 7/9
  1447 | D:2      | Found a bloodstained altar of Trog.
  1520 | D:2      | Found a glowing golden altar of the Shining One.
  1710 | D:2      | Noticed Natasha
  1732 | D:2      | Killed Natasha
  1764 | D:2      | Noticed Natasha
  1772 | D:2      | Killed Natasha
  2036 | D:3      | Noticed Purgy
  2057 | D:3      | Killed Purgy
  2057 | D:3      | Reached XP level 6. HP: 29/45 MP: 2/11
  2351 | D:3      | Found a glowing drain.
  2844 | D:4      | Reached skill level 4 in Spellcasting
  2863 | D:4      | Reached skill level 1 in Fighting
  2863 | D:4      | Reached skill level 1 in Conjurations
  3227 | D:4      | Your scales start taking on a glossy black colour.
  3227 | D:4      | Reached XP level 7. HP: 46/52 MP: 13/13
  3227 | D:4      | Gained mutation: You are resistant to electric shocks. (rElec) [Black Draconian growth]
  3830 | D:5      | Entered Level 5 of the Dungeon
  3899 | D:5      | Found a staircase to the Ecumenical Temple.
  3913 | Temple   | Entered the Ecumenical Temple
  3960 | Temple   | Became a worshipper of Qazlal Stormbringer
  4035 | D:5      | Reached skill level 1 in Staves
  4089 | D:5      | Found a sacrificial altar of Ru.
  4481 | D:5      | Reached skill level 5 in Spellcasting
  4481 | D:5      | Reached XP level 8. HP: 61/61 MP: 5/15
  4722 | D:5      | Noticed Eustachio
  4738 | D:5      | Killed Eustachio
  4760 | D:5      | Noticed Menkaure
  4929 | D:5      | HP: 2/61 [bounced beam (2)]
  4929 | D:5      | Killed themself with a bounced orb of electricity

Skill      XL: |  1  2  3  4  5  6  7 |
---------------+----------------------+-----
Stealth        | 2 |  2.8
Spellcasting   | 3 4 5 |  5.3
Short Blades   | 1 2 |  2.6
Dodging        | 2 3 |  3.6
Earth Magic    | 4 |  4.6
Fighting       | 1 2 |  2.1
Conjurations   | 1 2 |  2.9
Staves         | 1 |  1.6
Transmutations | |  1.0

Action                   |  1- 3 |  4- 6 |  7- 9 || total
-------------------------+-------+-------+-------++-------
Melee: Short sword       |    10 |       |       ||    10
       Tailslap          |     4 |     7 |     1 ||    12
       Unarmed           |     2 |       |       ||     2
       Dagger            |    16 |   113 |    16 ||   145
       Lajatang          |       |    27 |    19 ||    46
 Cast: Sandblast         |    26 |    16 |     5 ||    47
       Stone Arrow       |     2 |    25 |    40 ||    67
 Abil: Breathe Lightning |       |       |     4 ||     4
  Use: Potion            |     1 |     2 |     1 ||     4
       Scroll            |       |     5 |     1 ||     6
  Eat: Chunk             |       |     6 |     4 ||    10
       Bread ration      |       |     1 |       ||     1
       Meat ration       |       |       |     1 ||     1
Armor: Skin              |     9 |    68 |    23 ||   100
Dodge: Dodged            |    17 |   142 |    40 ||   199
